 Dungeon Crawl Stone Soup version 0.30-a0-279-g4b46babb21 (webtiles) character file.

Game seed: 4201064551641520383

3108 Pooter the Cleaver (level 9, -6/80 HPs)
             Began as a Minotaur Berserker on Oct 15, 2022.
             Was a Priest of Trog.
             Shot with an arrow by a centaur (8 damage)
             ... on level 9 of the Dungeon on Oct 16, 2022.
             The game lasted 00:36:03 (6474 turns).

Pooter the Cleaver (Minotaur Berserker)             Turns: 6474, Time: 00:36:04

Health: -6/80      AC: 13    Str: 25    XL:     9   Next: 60%
Magic:  8/8        EV:  7    Int:  4    God:    Trog [***...]
Gold:   184        SH:  0    Dex: 11    Spells: 8/8 levels left

rFire   . . .      SeeInvis .    a - +0 broad axe
rCold   . . .      Faith    .    (no shield)
rNeg    . . .      Spirit   .    J - +0 plate armour
rPois   +          Reflect  .    (helmet restricted)
rElec   .          Harm     .    (no cloak)
rCorr   .          Rampage  .    K - +0 pair of gloves
Will    ++...                    e - +0 pair of boots
Stlth   ..........               (no amulet)
HPRegen 1.33/turn                P - ring of poison resistance
MPRegen 0.11/turn                (no ring)

@: strong-willed (expiring), regenerating (expiring)
A: horns 2, retaliatory headbutt
a: Renounce Religion, Berserk, Trog's Hand


You were on level 9 of the Dungeon.
You worshipped Trog.
Trog was most pleased with you.
You visited 1 branch of the dungeon, and saw 9 of its levels.

You collected 430 gold pieces.
You spent 246 gold pieces at shops.

Inventory:

Hand Weapons
 a - a +0 broad axe (weapon)
   (You found it on level 7 of the Dungeon)
 b - a +0 arbalest
   (You found it on level 5 of the Dungeon)
 p - a +0 hand axe
 t - a +1 whip of electrocution
   (You took it off a kobold on level 3 of the Dungeon)
 y - a +0 trident
   (You took it off an orc on level 4 of the Dungeon)
 L - a +2 war axe
   (You took it off an orc on level 4 of the Dungeon)
Missiles
 c - 5 javelins
 v - 21 poisoned darts (quivered)
 A - 6 silver javelins
 F - 3 boomerangs
 Q - 76 stones
Armour
 e - a +0 pair of boots (worn)
   (You found it on level 1 of the Dungeon)
 l - an orb of light
   (You found it on level 2 of the Dungeon)
 B - a +2 ring mail of poison resistance
   (You took it off an orc on level 4 of the Dungeon)
 J - a +0 plate armour (worn)
   (You took it off an orc warrior on level 7 of the Dungeon)
 K - a +0 pair of gloves (worn)
   (You found it on level 6 of the Dungeon)
Jewellery
 P - a ring of poison resistance (left hand)
   (You found it on level 5 of the Dungeon)
Wands
 d - a wand of roots (7)
   (You found it on level 4 of the Dungeon)
 f - a wand of flame (21)
   (You found it on level 7 of the Dungeon)
 u - a wand of paralysis (9)
   (You found it on level 7 of the Dungeon)
Scrolls
 k - a scroll of fear
 m - a scroll of noise {unknown}
 r - a scroll of magic mapping {unknown}
 s - a scroll of blinking
 w - a scroll of vulnerability {unknown}
 C - a scroll of immolation {!r}
 E - a scroll of amnesia {unknown}
 G - a scroll of acquirement {unknown}
 H - a scroll of teleportation {unknown}
 N - 3 scrolls of poison {unknown}
Potions
 g - 3 potions of lignification {!q}
 h - 2 potions of curing {@q1}
 i - a potion of resistance {unknown}
 j - 2 potions of heal wounds {@q2}
 n - a potion of attraction {unknown}
 o - 3 potions of might
 q - a potion of magic {unknown}
 x - a potion of flight {unknown}
 D - a potion of mutation {unknown}
 I - a potion of ambrosia
 M - a potion of haste {@q3}
Miscellaneous
 z - a box of beasts
   (You found it on level 4 of the Dungeon)


   Skills:
 + Level 7.7 Fighting
 * Level 10.5 Axes
 * Level 8.6 Ranged Weapons
 - Level 2.4 Armour
 - Level 2.1 Dodging
 + Level 3.6 Evocations


You had 8 spell levels left.
You didn't know any spells.
Your spell library was empty.

Dungeon Overview and Level Annotations

Branches:
Dungeon (9/15)             Temple (0/1) D:6            Lair (0/5) D:8
    Orc: D:9-12

Altars:
Dithmenos
Fedhas
Hepliaklqana

Shops:
D:3 !   D:4 (   D:6 *

Annotations:
D:4 2 runed translucent doors
D:7 2 transporters, PRIMUS's ghost, novice HuGl


Innate Abilities, Weirdness & Mutations

You have a pair of horns on your head.
You reflexively headbutt those who attack you in melee.


Message History

* * * LOW HITPOINT WARNING * * *
The killer bee stings you.
* * * LOW HITPOINT WARNING * * *
The killer bee stings you.
* * * LOW HITPOINT WARNING * * *
You slice the killer bee!!
You kill the killer bee!
Trog accepts your kill.
You miss the killer bee. x2
You feel very sick.
The killer bee stings you but does no damage.
The killer bee stings you.
* * * LOW HITPOINT WARNING * * *
The killer bee stings you but does no damage. x2
Unknown command.
You barely miss the killer bee. Your headbutt misses the killer bee.
You miss the killer bee.
You feel sick.
The killer bee stings you but does no damage. x3
The killer bee stings you.
* * * LOW HITPOINT WARNING * * *
You closely miss the killer bee. You miss the killer bee.
You feel sick. The killer bee barely misses you. You furiously retaliate!
You headbutt the killer bee!
You kill the killer bee!
Trog accepts your kill. The killer bee barely misses you.
The killer bee stings you.
* * * LOW HITPOINT WARNING * * *
You barely miss the killer bee.
You feel the effects of Trog's Hand fading.
You feel sick. The killer bee stings you.
* * * LOW HITPOINT WARNING * * *
The killer bee barely misses you. You furiously retaliate!
You headbutt the killer bee, but do no damage.
You miss the killer bee. Your headbutt misses the killer bee.
You feel sick.
The killer bee stings you but does no damage. x2
Unknown command.
You slash the killer bee! Your headbutt misses the killer bee.
You feel sick. The killer bee barely misses you. The killer bee stings you.
* * * LOW HITPOINT WARNING * * *
You hit the killer bee.
You feel sick.
The killer bee stings you but does no damage.
A centaur comes into view.
The killer bee stings you but does no damage.
You miss the killer bee.
You feel sick.
You are no longer poisoned.
The killer bee stings you.
* * * LOW HITPOINT WARNING * * *
The centaur wields a +0 shortbow.
The centaur shoots an arrow.
The arrow hits you!
You die...

#. . ## .. . ..# .###.
... #..c###.. ......###.
... ......... ..#
#........ ..# #@y.# ..#
#...# ..# #...# ..#
#...# ..# #...# <.#
#...####♣
..##############>......♣
.......................♣
#####################.#♣


You could see a centaur and a killer bee.

Vanquished Creatures
  Pikel (D:8)
  2 wyverns
  2 water moccasins
  An orc warrior (D:7)
  An ice beast (D:6)
  2 sky beasts
  2 centaurs
  A lemure (D:8)
  A phantom (D:6)
  A kobold brigand (D:6)
  A necrophage (D:5)
  3 bullfrogs
  3 scorpions (D:4)
  7 killer bees
  5 hounds
  A gnoll bouda (D:5)
  3 orc priests
  2 jellies
  2 iguanas
  6 orc wizards
  5 adders
  5 gnolls (D:5)
  A shadow imp (D:6)
  3 white imps (D:6)
  2 ufetubi
  A worm (D:4)
  3 dart slugs
  23 orcs
  7 ball pythons
  5 endoplasms
  4 giant cockroaches
  9 goblins
  5 hobgoblins
  7 jackals
  19 kobolds
  4 quokkas
  4 bats
  A frilled lizard (D:3)
  3 rats
158 creatures vanquished.

Notes
Turn   | Place    | Note
-------+----------+-------------------------------------------
     0 | D:1      | Pooter the Minotaur Berserker began the quest for the Orb.
     0 | D:1      | Reached XP level 1. HP: 19/19 MP: 0/0
    43 | D:1      | Reached skill level 4 in Axes
   134 | D:1      | Reached XP level 2. HP: 27/27 MP: 1/1
   295 | D:1      | Reached XP level 3. HP: 32/33 MP: 2/2
   460 | D:2      | Reached skill level 1 in Ranged Weapons
   700 | D:2      | Reached ** piety under Trog
  1303 | D:3      | You fall into a shaft and drop 1 floor!
  1316 | D:4      | Reached skill level 5 in Axes
  1316 | D:4      | Reached XP level 4. HP: 27/41 MP: 3/3
  1356 | D:4      | Reached XP level 5. HP: 47/47 MP: 4/4
  1357 | D:4      | Found a large runed translucent door.
  1357 | D:4      | Found a large runed translucent door.
  1367 | D:4      | Noticed a wyvern
  1385 | D:4      | Found a large runed translucent door.
  1385 | D:4      | Found a large runed translucent door.
  1450 | D:4      | Reached skill level 6 in Axes
  1474 | D:4      | Reached XP level 6. HP: 51/55 MP: 5/5
  1715 | D:3      | Found Eskiff's Distillery.
  1725 | D:3      | Bought a potion of heal wounds for 70 gold pieces
  1725 | D:3      | Bought a potion of curing for 42 gold pieces
  1918 | D:3      | Reached skill level 5 in Fighting
  2327 | D:3      | Bought a potion of might for 56 gold pieces
  2732 | D:4      | Found Hiefiv's Weapon Shop.
  2846 | D:4      | Reached skill level 7 in Axes
  2846 | D:4      | Reached XP level 7. HP: 44/61 MP: 6/6
  3105 | D:4      | Killed a wyvern
  3106 | D:4      | Reached skill level 5 in Ranged Weapons
  3179 | D:5      | Entered Level 5 of the Dungeon
  3249 | D:5      | Reached *** piety under Trog
  3611 | D:5      | Reached skill level 1 in Evocations
  3735 | D:5      | Reached skill level 8 in Axes
  3735 | D:5      | Reached XP level 8. HP: 70/70 MP: 7/7
  4077 | D:6      | Found Urujig's Assorted Antiques.
  4090 | D:6      | Bought a bubbling puce potion for 24 gold pieces
  4090 | D:6      | Bought a scroll of identify for 54 gold pieces
  4635 | D:6      | Found a staircase to the Ecumenical Temple.
  4902 | D:7      | Reached skill level 9 in Axes
  5062 | D:7      | Noticed a queen bee
  5067 | D:7      | Noticed PRIMUS's ghost (novice HuGl)
  5071 | D:7      | Reached XP level 9. HP: 79/79 MP: 8/8
  5371 | D:7      | Found a transporter.
  5376 | D:7      | Found a transporter.
  5638 | D:8      | Found a staircase to the Lair.
  5920 | D:8      | Found a blossoming altar of Fedhas.
  5921 | D:8      | Found a shadowy altar of Dithmenos.
  5922 | D:8      | Found a hazy altar of Hepliaklqana.
  5992 | D:8      | Noticed Pikel
  5998 | D:8      | Killed Pikel
  5999 | D:8      | Reached skill level 10 in Axes
  6417 | D:8      | Upgraded the game from 0.30-a0-272-gf98c3da03f to
                  | 0.30-a0-279-g4b46babb21
  6472 | D:9      | HP: 3/80 [killer bee (6)]
  6474 | D:9      | Shot with an arrow by a centaur

Illustrated notes

Levels and vault maps discovered:
D:1:      minmay_arrival_semitransparent, layout_rooms
D:2:      layout_loops_corners
D:3:      layout_basic, serial_shops, shop, hangedman_abyss_or_decor_lesser_grid
D:4:      layout_cave_pools, serial_shops, shop, minmay_hollow_rounded_squares
D:5:      layout_cave_pools, bh_walls_and_bars
D:6:      layout_basic, minmay_temple_entry_from_below_a, serial_shops,
          nicolae_shop_stone, st_stairs_12
D:7:      layout_rooms, gammafunk_ghost_hive
D:8:      layout_basic, chequers_temple_overflow_statue_of_worship,
          lair_entry_dummy, uniq_pikel
D:9:      nicolae_cairo_tiling, layout_long_grid, mainiacjoe_overflow_paths,
          evilmike_minifort

Skill      XL: |  1  2  3  4  5  6  7  8  9 |
---------------+----------------------------+-----
Axes           | 4 5 6 7 8 9 10 | 10.5
Fighting       | 4 5 6 7 |  7.7
Ranged Weapons | 2 3 4 5 7 8 |  8.6
Evocations     | 1 2 3 |  3.6
Armour         | |  2.4
Dodging        | |  2.1

Action                   |  1- 3 |  4- 6 |  7- 9 || total
-------------------------+-------+-------+-------++-------
Melee: Hand axe          |    52 |    28 |       ||    80
       Headbutt          |     6 |    24 |    16 ||    46
       Trident           |       |    36 |       ||    36
       War axe           |       |    22 |    96 ||   118
       Punch             |       |       |     1 ||     1
       Broad axe         |       |       |    43 ||    43
 Fire: Sling             |    57 |    47 |     3 ||   107
       Arbalest          |       |       |    55 ||    55
Throw: Javelin           |       |     2 |       ||     2
Invok: Trog's Hand       |     1 |     4 |     7 ||    12
       Berserk           |       |       |     7 ||     7
Evoke: Wand              |       |       |     1 ||     1
  Use: Scroll            |     3 |     2 |     5 ||    10
       Potion            |       |       |     1 ||     1
Armor: Animal skin       |    16 |       |       ||    16
       Chain mail        |     8 |    55 |    63 ||   126
       Ring mail         |       |       |    10 ||    10
       Plate armour      |       |       |    51 ||    51
Dodge: Dodged            |    41 |    37 |    93 ||   171

Table legend: (Time is in decaauts)
 A = Elapsed time spent in this place.
 B = Non-inter-level travel time spent in this place.
 C = Inter-level travel time spent in this place.
 D = Time resting spent in this place.
 E = Time spent auto-exploring this place.
 F = Levels seen in this place.
 G = Mean time per level.
                   A        B        C        D        E       F      G
               +--------+--------+--------+--------+--------+-----+--------+
         Total |   6627 |   6335 |    292 |   1122 |   3866 |   9 |  736.3 |
       Dungeon |   6627 |   6335 |    292 |   1122 |   3866 |   9 |  736.3 |
               +--------+--------+--------+--------+--------+-----+--------+

Top non-repeatable levels by time:
     D:4: 1083 daAuts
     D:5: 920 daAuts
     D:2: 854 daAuts
     D:7: 828 daAuts
     D:6: 827 daAuts
     D:3: 824 daAuts
     D:8: 790 daAuts
     D:1: 457 daAuts
     D:9: 41 daAuts
